 Dungeon Crawl Stone Soup version 0.25-a0-429-g4e4398398a (webtiles) character file.

Game seed: 498490595816016021, levelgen mode: deterministic

36 Defined the Magician (level 3, -3/25 HPs)
             Began as a Gnoll Wizard on Jan 26, 2020.
             Slain by a goblin (4 damage)
             ... led by Robin
             ... on level 2 of the Dungeon.
             The game lasted 00:04:32 (1076 turns).

Defined the Magician (Gnoll Wizard)                 Turns: 1076, Time: 00:04:33

Health: -3/25      AC:  3    Str:  9    XL:     3   Next: 37%
Magic:  1/11       EV: 13    Int: 21    God:
Gold:   45         SH:  0    Dex: 13    Spells: 8/16 levels left

rFire    . . .     SeeInvis .   (no weapon)
rCold    . . .     Gourm    .   (no shield)
rNeg     . . .     Faith    .   j - +0 leather armour
rPois    .         Spirit   .   b - +0 hat
rElec    .         Reflect  .   (no cloak)
rCorr    .         Harm     .   (no gloves)
MR       .....                  (no boots)
Stlth    ++........             (no amulet)
HPRegen  0.08/turn              (no ring)
MPRegen  0.12/turn              (no ring)

@: very slightly contaminated, hasted, very quick
A: distributed training, fangs 1, strong nose
a: no special abilities


You were on level 2 of the Dungeon.
You were not hungry.

You visited 1 branch of the dungeon, and saw 2 of its levels.

You collected 45 gold pieces.

Inventory:

Missiles
 h - 2 boomerangs (quivered)
Armour
 a - a +0 robe
 b - a +0 hat (worn)
 j - a +0 leather armour (worn)
Scrolls
 c - a scroll of fog {unknown}
 e - a scroll of identify {unknown}
 i - 2 scrolls of remove curse {unknown}
Potions
 f - a potion of haste
 g - 3 potions of curing {unknown}
 k - a potion of ambrosia {unknown}
Comestibles
 d - a ration
 l - 3 chunks of flesh


   Skills:
 + Level 0.7 Fighting
 + Level 0.7 Short Blades
 + Level 0.7 Long Blades
 + Level 0.7 Axes
 + Level 0.7 Maces & Flails
 + Level 0.7 Polearms
 + Level 0.7 Staves
 + Level 0.7 Slings
 + Level 0.7 Bows
 + Level 0.7 Crossbows
 + Level 0.7 Throwing
 + Level 0.7 Armour
 + Level 4.5 Dodging
 + Level 4.1 Stealth
 + Level 0.7 Shields
 + Level 0.7 Unarmed Combat
 + Level 7.1 Spellcasting
 + Level 2.1 Conjurations
 + Level 0.5 Hexes
 + Level 0.5 Charms
 + Level 2.1 Summonings
 + Level 0.5 Necromancy
 + Level 2.1 Translocations
 + Level 0.5 Transmutations
 + Level 0.5 Fire Magic
 + Level 0.5 Ice Magic
 + Level 0.5 Air Magic
 + Level 0.5 Earth Magic
 + Level 0.5 Poison Magic
 + Level 0.9 Invocations
 + Level 0.7 Evocations


You had 8 spell levels left.
You knew the following spells:

 Your Spells              Type           Power        Failure   Level  Hunger
a - Magic Dart            Conj           ###.         4%          1    None
b - Call Imp              Summ           ###.....     8%          2    None
c - Mephitic Cloud        Conj/Pois/Air  ##......     22%         3    None
z - Blink                 Tloc           N/A          8%          2    None

Your spell library contained the following spells:

 Spells                   Type           Power        Failure   Level  Hunger
 Slow                     Hex            #.......     14%         2    None
 Conjure Flame            Conj/Fire      ##......     21%         3    None


Dungeon Overview and Level Annotations

Branches:
Dungeon (2/15)

Altars:

Annotations:
D:2 Robin


Innate Abilities, Weirdness & Mutations

Your experience applies equally to all skills.
You have very sharp teeth.
Your uncanny sense of smell can sniff out nearby items.


Message History

* * * LOW HITPOINT WARNING * * *
You hit the goblin.
You kill the goblin!
The gnoll closely misses you. The goblin hits you with a +0 dagger.
* * * LOW HITPOINT WARNING * * *
The goblin closely misses you.
A gnoll comes into view. It is wielding a +0 halberd.
The hobgoblin hits you but does no damage.
The goblin hits you but does no damage. Robin throws the goblin at you!
* * * LOW HITPOINT WARNING * * *
The goblin barely misses you.
Found 14 gold pieces.
You see here a +0 club.
Casting: Blink (safe; 8% risk of failure)
Confirm with . or Enter, or press ? or * to list all spells.
You don't have enough magic to cast that spell.
It was a potion of haste.
You feel yourself speed up. The gnoll closely misses you.
The hobgoblin closely misses you. The goblin hits you.
You die... #+ ∆ #.### ## .... .. ..# ∆... #g #g. $. #. #gg

#g #.# #K##
#.##g####.# #..
#b.r.@g.Kg###.#
.......gggg.<##.#
#########.g.l.K.#
#.####### ...#
#####


You could see Robin, 4 gnolls, a leopard gecko, a hobgoblin, 3 goblins, a bat, 2
kobolds and a rat.

Vanquished Creatures
  An ooze (D:1)
  A dart slug (D:1)
  3 bats (D:1)
  2 giant cockroaches (D:1)
  8 goblins
  3 hobgoblins (D:1)
  2 kobolds (D:1)
  2 frilled lizards (D:1)
  6 rats (D:1)
28 creatures vanquished.

Notes
Turn   | Place    | Note
-------+----------+-------------------------------------------
     0 | D:1      | Defined the Gnoll Wizard began the quest for the Orb.
     0 | D:1      | Reached XP level 1. HP: 13/13 MP: 8/8
   151 | D:1      | Reached XP level 2. HP: 19/19 MP: 10/10
   427 | D:1      | Reached XP level 3. HP: 21/25 MP: 4/11
   897 | D:2      | Noticed Robin
  1026 | D:1      | Learned a level 2 spell: Blink
  1029 | D:1      | Learned a level 2 spell: Call Imp
  1033 | D:1      | Learned a level 3 spell: Mephitic Cloud
  1075 | D:2      | HP: 1/25 [Robin/goblin (1)]
  1076 | D:2      | Slain by a goblin

Levels and vault maps discovered:
D:1:      matt_arrival_grand_opening, layout_basic
D:2:      layout_basic, minmay_misc_feat_chi, uniq_robin

Skill      XL: |  1 |
---------------+----+-----
Conjurations   | 2 |  2.1
Summonings     | 2 |  2.1
Translocations | 2 |  2.1
Fighting       | |  0.7
Short Blades   | |  0.7
Long Blades    | |  0.7
Axes           | |  0.7
Maces & Flails | |  0.7
Polearms       | |  0.7
Staves         | |  0.7
Slings         | |  0.7
Bows           | |  0.7
Crossbows      | |  0.7
Throwing       | |  0.7
Armour         | |  0.7
Dodging        | |  4.5
Stealth        | |  4.1
Shields        | |  0.7
Unarmed Combat | |  0.7
Spellcasting   | |  7.1
Hexes          | |  0.5
Charms         | |  0.5
Necromancy     | |  0.5
Transmutations | |  0.5
Fire Magic     | |  0.5
Ice Magic      | |  0.5
Air Magic      | |  0.5
Earth Magic    | |  0.5
Poison Magic   | |  0.5
Invocations    | |  0.9
Evocations     | |  0.7

Action                   || total
-------------------------++-------
Melee: Unarmed           ||    15
Throw: Boomerang         ||     5
 Cast: Magic Dart        ||    51
       Mephitic Cloud    ||     1
       Blink             ||     1
  Use: Potion            ||     1
Armor: Robe              ||     6
       Leather armour    ||    11
Dodge: Dodged            ||    35

Table legend:
 A = Non-vault XP
 B = Vault XP
 C = Vault XP percentage of total XP
 D = Non-vault monster count
 E = Vault monster count
 F = Vault count percentage of total count
                 A         B        C        D         E       F
            +---------+---------+-------+---------+---------+-------
      Total |      40 |      12 |  23.1 |      22 |       6 |  21.4
            +---------+---------+-------+---------+---------+-------
        D:1 |      40 |      10 |  20.0 |      22 |       5 |  18.5
        D:2 |       0 |       2 | 100.0 |       0 |       1 | 100.0
            +---------+---------+-------+---------+---------+-------
